PUBAAA
MADAWASKA ORIOLES @ SHELBY REDS
04/15/1972
 
TOP OF THE 1ST
Buffalo Bisons batting - Pitching for Shelby Reds : RHP Dawson Chappell
Pitching: RHP Dawson Chappell
Batting: LHB Brenton Collins 0-0: Called Strike
0-1: Swinging Strike
0-2: Ball
1-2: Ball
2-2: TRIPLE (Line Drive, 9D, EV 102.5 MPH)
Batting: LHB Juan Figura 0-0: Called Strike
0-1: Foul Ball, location: 2F
0-2: Strikes out swinging
Batting: LHB Justin Carroll 0-0: Foul Ball, location: 2F
0-1: Ball
1-1: Called Strike
1-2: Foul Ball, location: 2F
1-2: Ball
2-2: Foul Ball, location: 2F
2-2: Ball
3-2: DOUBLE (Flyball, 78D, EV 99.4 MPH)
Brenton Collins scores
Batting: LHB Dave Patterson 0-0: Ball
1-0: Foul Ball, location: 2F
1-1: Ball
2-1: Fly out, F3 (Line Drive, 3, EV 61.9 MPH)
Batting: RHB Woodrow Norman 0-0: Called Strike
0-1: Ball
1-1: Ground out 4-3 (Groundball, 34, EV 76.9 MPH)
Top of the 1st over - 1 run, 2 hits, 0 errors, 1 left on base; Buffalo 1 - Shelby 0
BOTTOM OF THE 1ST
Shelby Reds batting - Pitching for Buffalo Bisons : RHP Vicente Romero
Pitching: RHP Vicente Romero
Batting: RHB Casey Mitchell 0-0: Called Strike
0-1: Swinging Strike
0-2: Ball
1-2: SINGLE (Groundball, 13S, EV 73.1 MPH) (infield hit)
Batting: RHB Ken Tanner 0-0: Called Strike
0-1: Called Strike
0-2: Ball
1-2: Ball
2-2: Ball
3-2: DOUBLE (Flyball, 8LXD, EV 105.6 MPH)
Casey Mitchell to third
Batting: RHB Bill Sanders 0-0: Ball
1-0: Fly out, F5 (Popup, 25F, EV 81.9 MPH)
Batting: SHB Robbie Dupre 0-0: Foul Ball, location: 2F
0-1: Ball
1-1: Swinging Strike
1-2: Fly out, F7 (Flyball, 7S, EV 83.8 MPH)
Batting: RHB Ike Brown 0-0: Called Strike
0-1: Called Strike
0-2: Foul Ball, location: 2F
0-2: Foul Ball, location: 2F
0-2: Ball
1-2: SINGLE (Line Drive, 7LS, EV 101.2 MPH)
Casey Mitchell scores
Ken Tanner to third
Runner from 3rd tries for Home, SAFE, throw by LF to home
Batting: RHB Robby McNeal 0-0: Ball
1-0: Called Strike
1-1: Foul Ball, location: 2F
1-2: Ball
2-2: Strikes out swinging
Bottom of the 1st over - 2 runs, 3 hits, 0 errors, 1 left on base; Buffalo 1 - Shelby 2
TOP OF THE 2ND
Buffalo Bisons batting - Pitching for Shelby Reds : RHP Dawson Chappell
Batting: LHB Clay Dalrymple 0-0: Fly out, F9 (Flyball, 9S, EV 91.2 MPH)
Batting: RHB Earl Robinson 0-0: Foul Ball, location: 2F
0-1: Foul Ball, location: 2F
0-2: Strikes out swinging
Batting: RHB Kelly Mack 0-0: Called Strike
0-1: Called Strike
0-2: Strikes out swinging
Top of the 2nd over - 0 runs, 0 hits, 0 errors, 0 left on base; Buffalo 1 - Shelby 2
BOTTOM OF THE 2ND
Shelby Reds batting - Pitching for Buffalo Bisons : RHP Vicente Romero
Batting: SHB John Clayton 0-0: Called Strike
0-1: Called Strike
0-2: Fly out, F7 (Line Drive, 7, EV 98.8 MPH)
Batting: RHB Bill Woods 0-0: Called Strike
0-1: SINGLE (Groundball, 6M, EV 106.9 MPH) (infield hit)
Batting: RHB Jon Adams 0-0: Called Strike
Bill Woods is caught stealing 2nd base 2-4
0-1: Ball
1-1: Called Strike
1-2: Reached on error, E3 (Groundball, 34, EV 79.4 MPH)
Batting: RHB Casey Mitchell 0-0: Called Strike
0-1: Ball
1-1: Ball
2-1: Ball
3-1: Base on Balls
Batting: RHB Ken Tanner 0-0: Fielders Choice at 2nd, 6-4 (Groundball, 6, EV 105.0 MPH)
Bottom of the 2nd over - 0 runs, 1 hit, 1 error, 2 left on base; Buffalo 1 - Shelby 2
TOP OF THE 3RD
Buffalo Bisons batting - Pitching for Shelby Reds : RHP Dawson Chappell
Batting: RHB Bill Mazeroski 0-0: Called Strike
0-1: Foul Ball, location: 2F
0-2: Ground out 6-3 (Groundball, 56, EV 85.6 MPH)
Batting: LHB Brenton Collins 0-0: Foul Ball, location: 2F
0-1: Ball
1-1: Ball
2-1: Ground out 6-3 (Groundball, 6, EV 83.1 MPH)
Batting: LHB Juan Figura 0-0: Ball
1-0: Called Strike
1-1: DOUBLE (Line Drive, 5D, EV 98.8 MPH)
Batting: LHB Justin Carroll 0-0: Ball
1-0: Ball
2-0: Called Strike
2-1: Foul Ball, location: 2F
2-2: Ball
3-2: Foul Ball, location: 2F
3-2: Strikes out swinging
Top of the 3rd over - 0 runs, 1 hit, 0 errors, 1 left on base; Buffalo 1 - Shelby 2
BOTTOM OF THE 3RD
Shelby Reds batting - Pitching for Buffalo Bisons : RHP Vicente Romero
Batting: RHB Bill Sanders 0-0: Called Strike
0-1: Called Strike
0-2: Fly out, F7 (Flyball, 7LM, EV 103.8 MPH)
Batting: SHB Robbie Dupre 0-0: Swinging Strike
0-1: Ball
1-1: Called Strike
1-2: Ball
2-2: Fly out, F9 (Flyball, 89D, EV 96.9 MPH)
Batting: RHB Ike Brown 0-0: Called Strike
0-1: Ball
1-1: Ball
2-1: Ball
3-1: Base on Balls
Batting: RHB Robby McNeal 0-0: Fly out, F5 (Line Drive, 5, EV 65.0 MPH)
Bottom of the 3rd over - 0 runs, 0 hits, 0 errors, 1 left on base; Buffalo 1 - Shelby 2
TOP OF THE 4TH
Buffalo Bisons batting - Pitching for Shelby Reds : RHP Dawson Chappell
Batting: LHB Dave Patterson 0-0: Foul Ball, location: 2F
0-1: Fly out, F9 (Flyball, 89S, EV 83.1 MPH)
Batting: RHB Woodrow Norman 0-0: Foul Ball, location: 2F
0-1: Ball
1-1: Swinging Strike
1-2: Ball
2-2: Ground out 6-3 (Groundball, 6, EV 84.4 MPH)
Batting: LHB Clay Dalrymple 0-0: Ball
1-0: Foul Ball, location: 2F
1-1: Ball
2-1: Ball
3-1: Foul Ball, location: 2F
3-2: Foul Ball, location: 2F
3-2: Base on Balls
Batting: RHB Earl Robinson 0-0: Ball
1-0: Swinging Strike
1-1: Foul Ball, location: 2F
1-2: SINGLE (Line Drive, 34, EV 97.5 MPH)
Clay Dalrymple to second
Runner from 2nd tries for 3rd, SAFE, throw by RF made to third
Batting: RHB Kelly Mack 0-0: Ball
1-0: Called Strike
1-1: Ball
2-1: Foul Ball, location: 2F
2-2: Fly out, F7 (Flyball, 7LM, EV 91.9 MPH)
Top of the 4th over - 0 runs, 1 hit, 0 errors, 2 left on base; Buffalo 1 - Shelby 2
BOTTOM OF THE 4TH
Shelby Reds batting - Pitching for Buffalo Bisons : RHP Vicente Romero
Batting: SHB John Clayton 0-0: Ball
1-0: Ball
2-0: DOUBLE (Flyball, 8RXD, EV 93.1 MPH)
Batting: RHB Bill Woods 0-0: Called Strike
0-1: Foul Ball, location: 2F
0-2: Strikes out swinging
Batting: RHB Jon Adams 0-0: Ball
1-0: Ball
2-0: Ball
3-0: Called Strike
3-1: Swinging Strike
3-2: Base on Balls
Batting: RHB Casey Mitchell 0-0: Ball
1-0: Called Strike
1-1: Foul Ball, location: 2F
1-2: Foul Ball, location: 2F
1-2: Grounds into double play, 6-4-3 (Groundball, 6, EV 83.8 MPH)
Bottom of the 4th over - 0 runs, 1 hit, 0 errors, 1 left on base; Buffalo 1 - Shelby 2
TOP OF THE 5TH
Buffalo Bisons batting - Pitching for Shelby Reds : RHP Dawson Chappell
Batting: RHB Bill Mazeroski 0-0: Foul Ball, location: 2F
0-1: SINGLE (Groundball, 34D, EV 100.0 MPH)
Batting: LHB Brenton Collins 0-0: Called Strike
0-1: Foul Ball, location: 2F
0-2: Ball
1-2: Foul Ball, location: 2F
1-2: Foul Ball, location: 2F
1-2: Ball
2-2: Foul Ball, location: 2F
2-2: Strikes out looking
Batting: LHB Juan Figura 0-0: Grounds into double play, 6-4-3 (Groundball, 6, EV 78.8 MPH)
Top of the 5th over - 0 runs, 1 hit, 0 errors, 0 left on base; Buffalo 1 - Shelby 2
BOTTOM OF THE 5TH
Shelby Reds batting - Pitching for Buffalo Bisons : RHP Vicente Romero
Batting: RHB Ken Tanner 0-0: Foul Ball, location: 2F
0-1: Ground out 4-3 (Groundball, 4, EV 76.9 MPH)
Batting: RHB Bill Sanders 0-0: Called Strike
0-1: Ball
1-1: Swinging Strike
1-2: SINGLE (Groundball, 34D, EV 103.1 MPH)
Batting: SHB Robbie Dupre 0-0: Ball
1-0: Ball
2-0: Ball
3-0: Base on Balls
Bill Sanders to second
Batting: RHB Ike Brown 0-0: Ball
1-0: Foul Ball, location: 2F
1-1: Grounds into double play, 3-6-1 (Groundball, 34, EV 85.0 MPH)
Bottom of the 5th over - 0 runs, 1 hit, 0 errors, 1 left on base; Buffalo 1 - Shelby 2
TOP OF THE 6TH
Buffalo Bisons batting - Pitching for Shelby Reds : RHP Dawson Chappell
Batting: LHB Justin Carroll 0-0: Ball
1-0: Fly out, F7 (Line Drive, 7D, EV 90.6 MPH)
Batting: LHB Dave Patterson 0-0: Ground out 4-3 (Groundball, 4, EV 106.9 MPH)
Batting: RHB Woodrow Norman 0-0: Ball
1-0: Foul Ball, location: 2F
1-1: Called Strike
1-2: Foul Ball, location: 2F
1-2: SINGLE (Groundball, P, EV 94.4 MPH) (infield hit)
Batting: LHB Clay Dalrymple 0-0: Called Strike
0-1: Foul Ball, location: 2F
0-2: Ball
Woodrow Norman steals 2nd base
1-2: Strikes out swinging
Top of the 6th over - 0 runs, 1 hit, 0 errors, 1 left on base; Buffalo 1 - Shelby 2
BOTTOM OF THE 6TH
Shelby Reds batting - Pitching for Buffalo Bisons : RHP Vicente Romero
Batting: RHB Robby McNeal 0-0: Ball
1-0: Ball
2-0: Ball
3-0: Called Strike
3-1: Foul Ball, location: 2F
3-2: Ground out 6-3 (Groundball, 6, EV 105.0 MPH)
Batting: SHB John Clayton 0-0: Ball
1-0: Ball
2-0: Ball
3-0: Base on Balls
Batting: RHB Bill Woods 0-0: Foul Ball, location: 2F
0-1: Ball
1-1: Ball
2-1: Called Strike
2-2: Ball
3-2: Foul Ball, location: 2F
3-2: Ground out 4-3 (Groundball, 34, EV 105.6 MPH)
John Clayton to second
Batting: RHB Jon Adams 0-0: Called Strike
0-1: Called Strike
0-2: Foul Ball, location: 2F
0-2: Strikes out swinging
Bottom of the 6th over - 0 runs, 0 hits, 0 errors, 1 left on base; Buffalo 1 - Shelby 2
TOP OF THE 7TH
Buffalo Bisons batting - Pitching for Shelby Reds : RHP Dawson Chappell
Batting: RHB Earl Robinson 0-0: Ball
1-0: Called Strike
1-1: Foul Ball, location: 2F
1-2: SINGLE (Groundball, 6D, EV 100.0 MPH)
Pinch Hitting: LHB Wayne Riggs 0-0: Foul Ball, location: 2F
0-1: Ball
1-1: Ball
2-1: Fly out, F9 (Flyball, 9LM, EV 86.2 MPH)
Batting: RHB Bill Mazeroski 0-0: Ball
1-0: Swinging Strike
1-1: Ball
2-1: Foul Ball, location: 2F
2-2: Foul Ball, location: 2F
2-2: Ball
3-2: Base on Balls
Earl Robinson to second
Batting: LHB Brenton Collins 0-0: Called Strike
0-1: Ball
1-1: Ball
2-1: Fly out, F8 (Flyball, 78D, EV 95.0 MPH)
Runner from 2nd tags up, OUT at 3rd! 8-5
Top of the 7th over - 0 runs, 1 hit, 0 errors, 1 left on base; Buffalo 1 - Shelby 2
BOTTOM OF THE 7TH
Shelby Reds batting - Pitching for Buffalo Bisons : RHP Vicente Romero
Now at 3B: Tony Medellín
Batting: RHB Casey Mitchell 0-0: Fly out, F3 (Popup, 3, EV 72.5 MPH)
Batting: RHB Ken Tanner 0-0: Ball
1-0: Called Strike
1-1: Ground out 4-3 (Groundball, 4, EV 83.1 MPH)
Batting: RHB Bill Sanders 0-0: Ball
1-0: Called Strike
1-1: Ground out 5-3 (Groundball, 56, EV 80.6 MPH)
Bottom of the 7th over - 0 runs, 0 hits, 0 errors, 0 left on base; Buffalo 1 - Shelby 2
TOP OF THE 8TH
Buffalo Bisons batting - Pitching for Shelby Reds : RHP Dawson Chappell
Batting: LHB Juan Figura 0-0: Ball
1-0: Ball
2-0: Foul Ball, location: 2F
2-1: Foul Ball, location: 2F
2-2: Ground out U3 (Groundball, 3, EV 86.2 MPH)
Batting: LHB Justin Carroll 0-0: Ball
1-0: Ball
2-0: Called Strike
2-1: Called Strike
2-2: Ball
3-2: Base on Balls
Batting: LHB Dave Patterson 0-0: Swinging Strike
0-1: Called Strike
0-2: Strikes out swinging
Batting: RHB Woodrow Norman 0-0: Called Strike
0-1: SINGLE (Line Drive, 7LS, EV 110.6 MPH)
Justin Carroll to second
Batting: LHB Clay Dalrymple 0-0: TRIPLE (Flyball, 89XD, EV 106.9 MPH)
Justin Carroll scores
Woodrow Norman scores
Batting: RHB Earl Robinson 0-0: Ball
1-0: Ground out 6-3 (Groundball, 6S, EV 80.0 MPH)
Top of the 8th over - 2 runs, 2 hits, 0 errors, 1 left on base; Buffalo 3 - Shelby 2
BOTTOM OF THE 8TH
Shelby Reds batting - Pitching for Buffalo Bisons : RHP Vicente Romero
Pitching: RHP Jim Ray
Batting: SHB Robbie Dupre 0-0: Called Strike
0-1: Foul Ball, location: 2F
0-2: Ball
1-2: Ball
2-2: Ground out 4-3 (Groundball, 34, EV 102.5 MPH)
Batting: RHB Ike Brown 0-0: Called Strike
0-1: Swinging Strike
0-2: Ball
1-2: Foul Ball, location: 2F
1-2: Foul Ball, location: 2F
1-2: Ball
2-2: Ball
3-2: SINGLE (Groundball, 56D, EV 104.4 MPH)
Pinch Hitting: SHB Don Kessinger 0-0: Called Strike
0-1: Ball
1-1: Fly out, F9 (Flyball, 9, EV 83.1 MPH)
Batting: SHB John Clayton 0-0: Ball
1-0: Ball
2-0: Fly out, F8 (Flyball, 89M, EV 93.1 MPH)
Bottom of the 8th over - 0 runs, 1 hit, 0 errors, 1 left on base; Buffalo 3 - Shelby 2
TOP OF THE 9TH
Buffalo Bisons batting - Pitching for Shelby Reds : RHP Dawson Chappell
Pitching: RHP Steve Kealey
Now at 1B: Don Kessinger
Batting: RHB Tony Medellín 0-0: Ball
1-0: Foul Ball, location: 2F
1-1: Ball
2-1: DOUBLE (Flyball, 8RXD, EV 112.5 MPH)
Batting: RHB Bill Mazeroski 0-0: Swinging Strike
0-1: Swinging Strike
0-2: SINGLE (Line Drive, 78M, EV 101.2 MPH)
Tony Medellín to third
Batting: LHB Brenton Collins 0-0: Foul Ball, location: 2F
0-1: Ball
Bill Mazeroski steals 2nd, throwing error, E2
Tony Medellín scores
Bill Mazeroski to third
1-1: Fly out, F9 (Flyball, 9S, EV 97.5 MPH)
Batting: LHB Juan Figura 0-0: Intentional Walk
Batting: LHB Justin Carroll 0-0: Fly out, F9 (Line Drive, 9, EV 91.9 MPH)
Runner from 3rd tags up, SCORES, throw by RF
Batting: LHB Dave Patterson 0-0: Foul Ball, location: 2F
0-1: Ball
1-1: Foul Ball, location: 2F
1-2: Fly out, F4 (Flyball, 3D, EV 95.6 MPH)
Top of the 9th over - 2 runs, 2 hits, 1 error, 1 left on base; Buffalo 5 - Shelby 2
BOTTOM OF THE 9TH
Shelby Reds batting - Pitching for Buffalo Bisons : RHP Jim Ray
Batting: RHB Bill Woods 0-0: Ball
1-0: SINGLE (Line Drive, 78S, EV 111.9 MPH)
Batting: RHB Jon Adams 0-0: Called Strike
0-1: Ball
1-1: Ball
2-1: Foul Ball, location: 2F
2-2: Foul Ball, location: 2F
2-2: Ball
3-2: Fly out, F9 (Flyball, 9S, EV 88.1 MPH)
Pitching: RHP Eddie Watt
Pinch Hitting: LHB Gary Gaudreau 0-0: Ball
1-0: Ball
2-0: Grounds out, U3 (Groundball, 3L, EV 85.0 MPH)
Pinch Hitting: LHB Cristóbal Morales 0-0: Ball
1-0: Called Strike
1-1: Ball
2-1: Fly out, F7 (Flyball, 7, EV 89.4 MPH)
Bottom of the 9th over - 0 runs, 1 hit, 0 errors, 1 left on base; Buffalo 5 - Shelby 2
Tuesday, February 27th , 2024 - OOTP Baseball 24.8 Build 75